Map: [ESL] Ghost River

Players

ShoWTimE - Winner!

  • Race: Protoss Protoss
  • Spawn Location: 1:00

MaNa

  • Race: Protoss Protoss
  • Spawn Location: 11:00

Event: ESL SC2 Masters 2024 Spring (Regional)

VOD

Have the link to the VOD?

Description

Time

  • Played on: May 2, 2024, 9:39 a.m.
  • Length: 8:53

All games in this series

Show
View Real Time Build Order
Export as new Build Order

ShoWTimE Protoss - Winner!

Build Orders: Phoenix Opening, Blink Stalkers 

Get SALT Encoding   

  12  0:00  Probe  
  13  0:12  Probe  
  14  0:17  Pylon  
  14  0:24  Probe (Chrono Boost)  
  15  0:35  Gateway  
  16  0:36  Probe (Chrono Boost)  
  16  0:43  Probe (Chrono Boost)  
  16  0:45  Assimilator  
  17  0:50  Probe  
  18  1:03  Probe (Chrono Boost)  
  18  1:04  Assimilator  
  19  1:09  Gateway  
  19  1:14  Probe (Chrono Boost)  
  20  1:18  Probe (Chrono Boost)  
  20  1:23  Cybernetics Core  
  21  1:29  Probe  
  22  1:34  Pylon  
  22  1:41  Probe  
  23  1:53  Probe  
  24  1:59  Warp Gate, Stalker  
  28  2:05  Sentry  
  28  2:06  Probe  
  29  2:10  Pylon  
  29  2:18  Probe  
  30  2:26  Pylon  
  32  2:30  Sentry  
  32  2:35  Probe (Chrono Boost)  
  33  2:38  Phoenix  
  33  2:43  Nexus  
  33  2:47  Probe (Chrono Boost)  
  33  2:48  Sentry  
  36  2:56  Probe (Chrono Boost)  
  37  3:01  Twilight Council  
  37  3:03  Probe  
  38  3:10  Pylon  
  38  3:11  Phoenix  
  38  3:15  Probe  
  39  3:28  Probe  
  39  3:29  Blink (Chrono Boost)  
  40  3:40  Probe  
  41  3:43  Gateway  
  41  3:48  Stalker  
  41  3:50  Stalker  
  41  3:55  Probe x2  
  47  4:00  Shield Battery  
  47  4:07  Probe x2  
  49  4:15  Sentry, Stalker  
  53  4:18  Assimilator  
  53  4:19  Probe  
  54  4:24  Pylon, Probe  
  54  4:31  Probe, Shield Battery  
  55  4:38  Stalker x2  
  60  4:42  Stalker  
  62  4:47  Shield Battery  
  62  4:49  Probe x2  
  62  5:01  Stalker x2, Probe  
  67  5:09  Stalker  
  67  5:15  Probe  
  64  5:23  Probe  
  64  5:27  Stalker x2, Probe  
  66  5:32  Stalker, Robotics Facility  
  69  5:35  Probe  
  69  5:38  Pylon  
  69  5:41  Pylon  
  69  5:55  Nexus  
  69  6:02  Stalker x3  
  71  6:06  Probe x2  
  71  6:08  Charge  
  71  6:19  Probe  
  71  6:21  Observer  
  73  6:27  Gateway  
  73  6:28  Gateway  
  73  6:32  Stalker x3  
  77  6:33  Probe  
  77  6:34  Probe  
  77  6:39  Forge  
  79  6:41  Observer  
  79  6:45  Probe  
  79  6:46  Probe  
  82  6:49  Gateway  
  82  6:51  Gateway  
  82  7:00  Zealot x2  
  86  7:04  Pylon x2  
  86  7:11  Immortal (Chrono Boost)  
  90  7:17  Stalker  
  90  7:20  Probe x3  
  95  7:23  Stalker x2  
  95  7:29  Shield Battery  
  99  7:31  Pylon  
  99  7:34  Zealot  
  101  7:44  Zealot x3  
  107  7:54  Shield Battery  
  107  7:56  Stalker x3, Shield Battery  
  113  7:59  Observer, Stalker  
  113  8:03  Pylon  
  115  8:06  Stalker x2  
  119  8:14  Pylon  
  119  8:15  Zealot  
  119  8:19  Gateway  
  121  8:27  Stalker x3  
  121  8:28  Stalker  
  131  8:48  Stalker x3  
Show
View Real Time Build Order
Export as new Build Order

MaNa Protoss 

Build Orders: Phoenix Opening 

Get SALT Encoding   

  12  0:00  Probe  
  13  0:12  Probe  
  14  0:17  Pylon  
  14  0:24  Probe (Chrono Boost)  
  15  0:36  Probe (Chrono Boost), Gateway  
  16  0:44  Probe (Chrono Boost)  
  16  0:47  Assimilator  
  17  0:51  Probe  
  17  0:54  Assimilator  
  18  1:03  Probe (Chrono Boost)  
  19  1:07  Gateway  
  19  1:12  Probe (Chrono Boost)  
  19  1:17  Probe (Chrono Boost)  
  21  1:25  Cybernetics Core  
  21  1:29  Probe  
  22  1:36  Pylon  
  22  1:41  Probe  
  23  1:54  Probe  
  24  2:02  Sentry, Warp Gate  
  24  2:06  Probe  
  27  2:11  Sentry  
  29  2:18  Probe  
  30  2:23  Pylon  
  30  2:26  Robotics Facility  
  30  2:30  Probe  
  30  2:32  Phoenix  
  31  2:48  Nexus  
  31  2:49  Phoenix  
  31  2:50  Sentry  
  33  2:59  Probe  
  34  3:11  Probe  
  34  3:12  Pylon  
  35  3:14  Immortal (Chrono Boost)  
  39  3:30  Probe  
  40  3:42  Probe  
  40  3:43  Warp Prism (Chrono Boost)  
  43  3:50  Sentry, Adept  
  47  4:01  Gateway  
  47  4:03  Gateway  
  49  4:12  Immortal (Chrono Boost)  
  51  4:19  Probe x2  
  53  4:25  Pylon  
  53  4:31  Probe x2  
  53  4:36  Adept x2  
  59  4:40  Observer (Chrono Boost)  
  59  4:43  Probe  
  59  4:44  Probe  
  60  4:58  Sentry  
  60  4:59  Stalker x3  
  58  5:16  Immortal (Chrono Boost)  
  58  5:17  Probe  
  58  5:20  Probe  
  46  5:29  Probe  
  46  5:30  Zealot, Stalker x2  
  46  5:31  Zealot  
  46  5:32  Probe  
  54  5:35  Shield Battery  
  54  5:51  Immortal (Chrono Boost)  
  54  5:52  Zealot x2  
  54  5:55  Zealot x2  
  64  6:02  Probe  
  63  6:06  Shield Battery  
  59  6:15  Stalker x2  
  59  6:16  Zealot x2  
  61  6:22  Warp Prism (Chrono Boost)  
  61  6:26  Assimilator  
  61  6:27  Pylon  
  55  6:40  Twilight Council  
  55  6:50  Probe  
  55  6:51  Immortal, Probe  
  61  6:56  Adept x2  
  61  6:58  Adept  
  61  7:00  Adept  
  67  7:04  Probe x2  
  69  7:12  Pylon x2  
  67  7:16  Resonating Glaives (Chrono Boost)  
  67  7:22  Assimilator  
  67  7:28  Immortal (Chrono Boost)  
  67  7:30  Observer, Adept  
  67  7:31  Pylon, Adept  
  75  7:37  Adept  
  75  7:41  Pylon  
  77  7:55  Observer  
  77  7:59  Sentry, Nexus  
  77  8:00  Pylon, Sentry, Adept  
  77  8:02  Adept  
  85  8:10  Observer, Immortal (Chrono Boost)  
  87  8:29  Adept x4  
Tags
 
Add a new tag
Caveats
  • Supply blocks, unpowered buildings, or Contaminate may cause inaccurate times.
  • Supply counts are checked every 10 seconds.